 Dungeon Crawl Stone Soup version 0.28-a0-1389-gc726bef33b (webtiles) character file.

Game seed: 5710643031850927969

165 rogsnak the Magician (level 5, -1/36 HPs)
             Began as a Demonspawn Hedge Wizard on Jan 4, 2022.
             Slain by a lemure (8 damage)
             ... led by Pikel
             ... on level 4 of the Dungeon.
             The game lasted 00:10:49 (4625 turns).

rogsnak the Magician (Demonspawn Hedge Wizard)      Turns: 4625, Time: 00:10:50

Health: -1/36      AC:  2    Str: 10    XL:     5   Next: 21%
Magic:  7/11       EV: 12    Int: 23    God:
Gold:   117        SH:  8    Dex: 13    Spells: 6/12 levels left

rFire   . . .      SeeInvis .   r - +2 spear (vamp)
rCold   . . .      Faith    .   (no shield)
rNeg    . . .      Spirit   .   b - +0 robe
rPois   +          Reflect  .   c - +0 hat
rElec   .          Harm     .   (no cloak)
rCorr   .          Rampage  .   (no gloves)
Will    .....                   (no boots)
Stlth   ++........              (no amulet)
HPRegen 0.12/turn               k - +6 ring of intelligence
MPRegen 0.12/turn               q - ring of poison resistance

@: no status effects
A: large bone plates 1, powered by pain 1, condensation shield
a: no special abilities


You were on level 4 of the Dungeon.
You visited 1 branch of the dungeon, and saw 4 of its levels.

You collected 117 gold pieces.

Inventory:

Hand Weapons
 a - a +0 dagger
 d - a +0 dagger
 h - a +0 hand axe
 j - a +0 spear
 r - a +2 vampiric spear (weapon)
 v - a +3 short sword
Missiles
 l - 47 stones
 p - 4 curare-tipped darts
 t - a throwing net
 w - 6 poisoned darts
Armour
 b - a +0 robe (worn)
 c - a +0 hat (worn)
Jewellery
 k - a +6 ring of intelligence (left hand)
 o - a +4 ring of evasion
 q - a ring of poison resistance (right hand)
Scrolls
 e - a scroll of amnesia {unknown}
 f - 2 scrolls of teleportation {unknown}
 i - a scroll of identify {unknown}
 m - a scroll of fear {unknown}
Potions
 g - a potion of heal wounds {unknown}
 n - a potion of attraction {unknown}
 s - a potion of brilliance {unknown}
 u - a potion of degeneration {unknown}


   Skills:
 + Level 0.7 Fighting
 + Level 2.2 Dodging
 - Level 1.7 Stealth
 + Level 0.7 Shields
 + Level 4.3 Spellcasting
 * Level 3.1 Conjurations
 - Level 1.0 Summonings
 - Level 0.8 Translocations


You had 6 spell levels left.
You knew the following spells:

 Your Spells              Type           Power      Damage    Failure   Level
a - Magic Dart            Conj           76%        1d6       2%          1
b - Blink                 Tloc           16%        N/A       11%         2
c - Mephitic Cloud        Conj/Pois/Air  9%         N/A       21%         3

Your spell library contained the following spells:

 Spells                   Type           Power      Damage    Failure   Level
 Call Imp                 Summ           9%         N/A       10%         2
 Slow                     Hex            16%        N/A       11%         1
 Conjure Flame            Conj/Fire      12%        6-21      16%         3


Dungeon Overview and Level Annotations

Branches:
Dungeon (4/15)
 Temple: D:4-7

Altars:
Fedhas
Hepliaklqana
Kikubaaqudgha
Uskayaw
Wu Jian

Shops:
D:3 ?

Annotations:
D:2 1 runed translucent door, Crazy Yiuf
D:4 Blork the orc


Innate Abilities, Weirdness & Mutations

You are partially covered in large bone plates. (SH +4)
You sometimes gain a little power by taking damage.
A meltable shield of frost defends you. (SH +4)


Message History

Confirm with . or Enter, or press ? or * to list all spells.
Aiming: Magic Dart (safe; 2% risk of failure)
Press: ? - help, Shift-Dir - straight line, f/p - lemure
Aim: a lemure (lightly wounded, 100% to hit)
The magic dart hits the lemure.
The lemure is lightly wounded.
You feel stable enough to blink again. The lemure barely misses you.
Casting: Magic Dart (safe; 2% risk of failure)
Confirm with . or Enter, or press ? or * to list all spells.
You don't know that spell.
Sorry, you're not good enough to have a special ability.
Unknown command.
Okay, then.
Press: ? - help, v - describe, . - travel
Here: a lemure (lightly wounded)
An open door.
Unknown command.
You aren't carrying any items that you can evoke.
Unknown command.
Casting: Magic Dart (safe; 2% risk of failure)
Confirm with . or Enter, or press ? or * to list all spells.
Okay, then.
Casting: Magic Dart (safe; 2% risk of failure)
Confirm with . or Enter, or press ? or * to list all spells.
You blink.
You open the door.
There is an open door here.
You open the door.
An orc skeleton comes into view.
You close the door.
The lemure closely misses you.
You feel stable enough to blink again.
You open the door.
A human skeleton comes into view.
The lemure hits you!
* * * LOW HITPOINT WARNING * * *
The human skeleton hits you.
* * * LOW HITPOINT WARNING * * *
The lemure hits you!
You die...

.#..##..#.# #.#
...o..o.#.########.#
###.###............#
#.# ##.....###...#
#.# #.....# ##.##
#.# #.....# #.# #.#
#.....# ####
##.########## +Z#
#.......# #@#+#
#..####.##### +5..+
#..#........###.Z.#
#..#.##.###.#Z+...+
#... ..<# #.###'#+#
#....!..# #.'...#
#....#.## #######
#.####. ..


You could see a lemure, an orc skeleton and a human skeleton.

Vanquished Creatures
  3 gnolls (D:3)
  5 adders
  A white imp (D:4)
  A worm (D:2)
  3 dart slugs
  6 orcs (D:3)
  3 endoplasms
  2 giant cockroaches
  11 goblins
  4 hobgoblins
  3 jackals (D:1)
  2 quokkas (D:1)
  11 ball pythons
  5 bats
  A frilled lizard (D:1)
  8 kobolds
  2 rats (D:2)
71 creatures vanquished.

Notes
Turn   | Place    | Note
-------+----------+-------------------------------------------
     0 | D:1      | rogsnak the Demonspawn Hedge Wizard began the quest for the
                  | Orb.
     0 | D:1      | Reached XP level 1. HP: 13/13 MP: 4/4
   438 | D:1      | Gained mutation: A meltable shield of frost defends you.
                  | (SH +4) [demonic ancestry]
   438 | D:1      | Reached XP level 2. HP: 16/19 MP: 1/6
   790 | D:1      | Learned a level 2 spell: Blink
  1623 | D:2      | Gained mutation: You are partially covered in large bone
                  | plates. (SH +4) [demonic ancestry]
  1623 | D:2      | Reached XP level 3. HP: 24/24 MP: 5/8
  2090 | D:2      | Found a faded altar of an unknown god.
  2146 | D:2      | Learned a level 3 spell: Mephitic Cloud
  2508 | D:2      | Found a runed translucent door.
  2509 | D:2      | Noticed Crazy Yiuf
  2729 | D:3      | Gained mutation: You sometimes gain a little power by
                  | taking damage. [demonic ancestry]
  2729 | D:3      | Reached XP level 4. HP: 31/31 MP: 3/9
  2888 | D:3      | Reached skill level 4 in Spellcasting
  3106 | D:3      | Found an ornate altar of the Wu Jian Council.
  3660 | D:3      | Found Icor's Magic Scroll Emporium.
  3740 | D:3      | Reached XP level 5. HP: 36/36 MP: 4/11
  4037 | D:3      | Found a hazy altar of Hepliaklqana.
  4037 | D:3      | Found an ancient bone altar of Kikubaaqudgha.
  4039 | D:3      | Found a hide-covered altar of Uskayaw.
  4039 | D:3      | Found a blossoming altar of Fedhas.
  4549 | D:4      | Noticed a lemure
  4575 | D:4      | Noticed Blork the orc
  4625 | D:4      | Slain by a lemure

Illustrated notes

Levels and vault maps discovered:
D:1:      wander_arrival_estate, layout_loops_ring, minivault_11,
          minmay_split_cup_large
D:2:      layout_rooms, hellmonk_ecumenical_altar_inner_sanctum,
          uniq_crazy_yiuf_cottage
D:3:      layout_loops_ring, nicolae_wu_jian_immortal_techniques,
          mainiacjoe_overflow_alcove_3, serial_shops, nicolae_diamond_shop,
          grunt_ministairs_11, hangedman_abyss_or_decor_lesser_grid
D:4:      layout_loops_cross, nicolae_qazlal_general_emergency,
          jmf_multi_god_temple2, nicolae_ossuary_entry_catacombs, minivault_5,
          grunt_decor_fettered, uniq_blork_the_orc, uniq_pikel

Skill      XL: |  1  2  3  4  5 |
---------------+----------------+-----
Dodging        | 2 |  2.2
Conjurations   | 2 3 |  3.1
Spellcasting   | 4 |  4.3
Fighting       | |  0.7
Stealth        | |  1.7
Shields        | |  0.7
Summonings     | |  1.0
Translocations | |  0.8

Action                   |  1- 3 |  4- 6 || total
-------------------------+-------+-------++-------
Melee: Hand axe          |    12 |       ||    12
       Spear             |    22 |    31 ||    53
 Cast: Magic Dart        |    95 |    94 ||   189
       Blink             |       |     2 ||     2
       Mephitic Cloud    |       |     1 ||     1
Armor: Robe              |     8 |     4 ||    12
Dodge: Dodged            |    34 |    26 ||    60
Block: Other             |    11 |    23 ||    34

Table legend: (Time is in decaauts)
 A = Elapsed time spent in this place.
 B = Non-inter-level travel time spent in this place.
 C = Inter-level travel time spent in this place.
 D = Time resting spent in this place.
 E = Time spent auto-exploring this place.
 F = Levels seen in this place.
 G = Mean time per level.
                   A        B        C        D        E       F      G
               +--------+--------+--------+--------+--------+-----+--------+
         Total |   4631 |   4531 |    100 |   1194 |   2541 |   4 | 1157.8 |
       Dungeon |   4631 |   4531 |    100 |   1194 |   2541 |   4 | 1157.8 |
               +--------+--------+--------+--------+--------+-----+--------+

Top non-repeatable levels by time:
     D:3: 1753 daAuts
     D:1: 1623 daAuts
     D:2: 1068 daAuts
     D:4: 185 daAuts
